 Dungeon Crawl Stone Soup version 0.19.1 (webtiles) character file.

3046 Gargoyl the Spear-Bearer (level 9, -1/60 HPs)
             Began as a Yellow Draconian Abyssal Knight on Dec 1, 2016.
             Was a Priest of Lugonu.
             Slain by a crimson imp (2 damage)
             ... on level 7 of the Dungeon on Dec 2, 2016.
             The game lasted 00:17:39 (9381 turns).

Gargoyl the Spear-Bearer (DrAK)                     Turns: 9381, Time: 00:17:40

Health: -1/60      AC: 10    Str: 19    XL:     9   Next: 56%
Magic:  13/13      EV: 15    Int: 14    God:    Lugonu [***...]
Gold:   301        SH:  0    Dex: 12    Spells: 0 memorised, 8 levels left

rFire  . . .     SeeInvis .     d - +4 bardiche (chop)
rCold  + . .     Gourm    .     (armour unavailable)
rNeg   . . .     Faith    .     (shield currently unavailable)
rPois  +         Spirit   .     (helmet restricted)
rElec  .         Reflect  .     g - +2 cloak {MR+}
rCorr  +         Harm     .     (no gloves)
MR     +....                    (no boots)
Stlth  ++........               (no amulet)
                                s - ring of poison resistance
                                c - ring of protection from cold

@: lethally poisoned (-1 -> -2), short of breath
A: spit acid, acid resistance, unfitting armour, talons 1, blurry vision 1,
clever 1, frail 2, strong 1, no device heal 1, cold-blooded, MP-powered wands,
AC +7
a: Spit Acid, Depart the Abyss, Bend Space, Banish, Renounce Religion


You were on level 7 of the Dungeon.
You worshipped Lugonu.
Lugonu was most pleased with you.
You were hungry.

You visited 1 branch of the dungeon, and saw 8 of its levels.
You visited the Abyss 1 time.

You collected 301 gold pieces.

Inventory:

Hand Weapons
 a - a +1 hand axe
 d - a +4 bardiche of chopping (weapon)
 p - a +5 hand axe
Missiles
 l - 12 tomahawks (quivered)
Armour
 g - a +2 cloak of magic resistance (worn)
Jewellery
 c - a ring of protection from cold (left hand)
 s - a ring of poison resistance (right hand)
Wands
 i - a wand of disintegration (9/24)
 o - a wand of flame (48/48)
 q - a wand of teleportation (7/9)
 r - a wand of digging (11/24)
Scrolls
 b - 6 scrolls of magic mapping
 e - 4 scrolls of identify
 f - 4 scrolls of recharging
 h - a scroll of amnesia
 m - 3 scrolls of fear
 t - 3 scrolls of remove curse
 w - a scroll of teleportation
Potions
 k - a potion of lignification
 n - a potion of haste
 z - 2 potions of agility
 A - 2 potions of might
Books
 u - a book of Frost

   Spells                             Type                      Level
   a - Freeze                         Ice                          1
   b - Throw Frost                    Conjuration/Ice              2
   c - Ozocubu's Armour               Charms/Ice                   3
   d - Throw Icicle                   Conjuration/Ice              4
   e - Summon Ice Beast               Ice/Summoning                4
Comestibles
 j - 2 meat rations
 v - 3 bread rations
 x - 6 chunks of flesh


   Skills:
 + Level 5.9 Fighting
 + Level 2.7(5.9) Axes
 + Level 8.2(8.5) Polearms
 + Level 0.8 Throwing
 * Level 6.5 Dodging
 + Level 2.6 Stealth
 * Level 6.2 Invocations


You had 8 spell levels left.
You didn't know any spells.

Dungeon Overview and Level Annotations

Branches:
Dungeon (8/15)             Temple (0/1) D:7
   Lair: D:8-11

Altars:
Ashenzari
Dithmenos
Fedhas
Nemelex Xobeh
Qazlal
Ru
Xom

Annotations:
D:7 1 runed door


Innate Abilities, Weirdness & Mutations

You can spit globs of acid.
You are resistant to acid.
Your golden yellow scales are hard. (AC +7)
You cannot fit into any form of body armour.
You are cold-blooded and may be slowed by cold attacks.
You have sharp toenails.
Scrolls take you a little longer to read.
Your mind is acute. (Int +2)
You are very frail. (-20% HP)
Your muscles are strong. (Str +2)
Potions and wands are less effective at restoring your health.
You expend magic power (3 MP) to strengthen your wands.


Message History

You feel sick.
The killer bee stings you but does no damage.
The killer bee misses you. The crimson imp barely misses you.
The killer bee stings you!
* * * LOW HITPOINT WARNING * * *
The crimson imp completely misses you.
You barely miss the killer bee.
The killer bee is heavily wounded.
You have got your breath back.
The killer bee misses you. The killer bee closely misses you. x2
The crimson imp hits you.
* * * LOW HITPOINT WARNING * * *
The crimson imp barely misses you. The killer bee closely misses you.
Press: ? - help, Shift-Dir - straight line, f/p - killer bee
Aim: a killer bee (heavily wounded)
You spit a glob of acid.
The acid misses the killer bee.
You feel somewhat more hungry. The killer bee stings you.
* * * LOW HITPOINT WARNING * * *
The crimson imp hits you.
You die...

## #.###### ###..##.# #
####......## # ######..###.....#
#####..#..### #.###.##
........### #.####.## #####..##
#.@# #..#### #### #...## ##y5#
##.##.# ##...
#....#####...####....####....
#####.............##...........##
.......#......................###
#########................###....#
##.......###....###......
##....).# ##...# #...... #....)##
##...###......


You could see a killer bee and a crimson imp.

Vanquished Creatures
  Prince Ribbit (D:6)
  A hungry ghost (D:7)
  A wyvern (D:7)
  A sky beast (D:7)
  An ice beast (D:5)
  2 ogres
  A phantom (D:7)
  An orc warrior (D:6)
  4 centaurs
  2 bullfrogs (D:6)
  A scorpion (D:7)
  3 killer bees (D:7)
  8 wights
  5 crimson imps
  A bullfrog zombie (D:6)
  A centaur zombie (D:6)
  Crazy Yiuf (D:5)
  3 orc priests
  3 hounds
  2 iguanas
  Ijyb (D:2)
  3 orc wizards
  13 worker ants
  2 hound skeletons
  3 gnolls (D:6)
  4 adders
  A shadow imp (D:6)
  A worm (D:6)
  A dart slug (D:1)
  5 leopard geckos
  15 orcs
  A ball python (D:3)
  8 bats
  3 giant cockroaches (D:7)
  9 hobgoblins
  2 jackals (D:2)
  5 kobolds
  A quokka (D:6)
  A frilled lizard (D:2)
  7 goblins
  2 jackal skeletons (D:5)
  A quokka skeleton (D:5)
  A quokka zombie (D:7)
  4 rats
137 creatures vanquished.

Notes
Turn   | Place    | Note
-------+----------+-------------------------------------------
     0 | Abyss:1  | Gargoyl the Draconian Abyssal Knight began the quest for the Orb.
     0 | Abyss:1  | Reached XP level 1. HP: 19/19 MP: 2/2
    39 | Abyss:2  | Found a corrupted altar of Lugonu.
    66 | Abyss:2  | Noticed a chaos spawn
    76 | Abyss:2  | Noticed a daeva
    77 | D:1      | Escaped the Abyss
   140 | D:1      | Reached * piety under Lugonu
   353 | D:1      | Reached XP level 2. HP: 23/26 MP: 3/3
  1361 | D:2      | Reached skill level 1 in Polearms
  1361 | D:2      | Reached XP level 3. HP: 31/31 MP: 4/4
  1508 | D:2      | Noticed Ijyb
  1517 | D:2      | Killed Ijyb
  1517 | D:2      | Reached XP level 4. HP: 12/38 MP: 5/5
  2077 | D:3      | Found a shimmering altar of Xom.
  2102 | D:3      | Reached skill level 2 in Polearms
  2130 | D:3      | Reached XP level 5. HP: 45/45 MP: 7/7
  2429 | D:3      | Found a shadowy altar of Dithmenos.
  2516 | D:3      | Reached skill level 3 in Polearms
  3042 | D:4      | Reached ** piety under Lugonu
  3247 | D:5      | Entered Level 5 of the Dungeon
  3247 | D:5      | Noticed a centaur
  3250 | D:5      | Killed a centaur
  3250 | D:5      | Reached XP level 6. HP: 34/52 MP: 8/8
  3485 | D:5      | Noticed an ice beast
  3489 | D:5      | Killed an ice beast
  3489 | D:5      | Reached skill level 4 in Polearms
  3489 | D:5      | Reached skill level 1 in Stealth
  3752 | D:5      | Your scales start taking on a golden yellow colour.
  3752 | D:5      | Reached XP level 7. HP: 38/59 MP: 8/10
  4046 | D:4      | Gained mutation: You are frail. (-10% HP) [potion of mutation]
  4046 | D:4      | Gained mutation: Scrolls take you a little longer to read. [potion of mutation]
  4046 | D:4      | Gained mutation: Your spells are a little harder to cast, but a little more powerful. [potion of mutation]
  4842 | D:5      | Found a shattered altar of Ashenzari.
  5036 | D:5      | Reached skill level 5 in Polearms
  5193 | D:5      | Gained mutation: Your muscles are strong. (Str +2) [potion of mutation]
  5193 | D:5      | Gained mutation: You have sharp toenails. [potion of mutation]
  5193 | D:5      | Gained mutation: Potions and wands are less effective at restoring your health. [potion of mutation]
  5194 | D:5      | Lost mutation: Your spells are a little harder to cast, but a little more powerful. [potion of mutation]
  5194 | D:5      | Gained mutation: You are very frail. (-20% HP) [potion of mutation]
  5418 | D:5      | Found a runed door.
  5645 | D:5      | Noticed Crazy Yiuf
  5653 | D:5      | HP: 1/72 [Crazy Yiuf/quarterstaff of chaos (13)]
  5654 | D:5      | Killed Crazy Yiuf
  6090 | D:6      | Reached XP level 8. HP: 47/53 MP: 11/11
  6145 | D:6      | Noticed Prince Ribbit
  6165 | D:6      | Killed Prince Ribbit
  6165 | D:6      | Reached skill level 6 in Polearms
  6165 | D:6      | Reached skill level 5 in Invocations
  6309 | D:6      | Reached skill level 5 in Fighting
  6567 | D:6      | Reached skill level 5 in Dodging
  6845 | D:6      | Gained mutation: Your mind is acute. (Int +2) [potion of mutation]
  6845 | D:6      | Gained mutation: You expend magic power (3 MP) to strengthen your wands. [potion of mutation]
  7064 | D:6      | Reached *** piety under Lugonu
  7064 | D:6      | Reached skill level 7 in Polearms
  7285 | D:6      | Found a sparkling altar of Nemelex Xobeh.
  7368 | D:6      | Reached XP level 9. HP: 54/59 MP: 13/13
  7609 | D:7      | Found a blossoming altar of Fedhas.
  7729 | D:7      | Found a staircase to the Ecumenical Temple.
  7895 | D:7      | Found a stormy altar of Qazlal.
  8042 | D:7      | Found a runed door.
  8065 | D:7      | Found a runed door.
  8603 | D:7      | Reached skill level 8 in Polearms
  8732 | D:7      | Found a sacrificial altar of Ru.
  9046 | D:8      | Noticed a queen bee
  9381 | D:7      | HP: 1/60 [killer bee (5)]
  9381 | D:7      | Slain by a crimson imp

Skill      XL: |  1  2  3  4  5  6  7  8  9 |
---------------+----------------------------+-----
Polearms       | 1 2 3 4 5 7 8 |  8.2
Dodging        | 3 4 5 6 |  6.5
Invocations    | 3 4 5 6 |  6.2
Fighting       | 4 5 |  5.9
Stealth        | 1 2 |  2.6
Axes           | |  2.7
Throwing       | |  0.8

Action                   |  1- 3 |  4- 6 |  7- 9 || total
-------------------------+-------+-------+-------++-------
Melee: Bardiche          |    74 |    69 |   241 ||   384
       Hand axe          |     5 |     4 |    24 ||    33
       Tailslap          |     6 |     8 |    23 ||    37
       Kick              |       |       |    42 ||    42
Throw: Tomahawk          |     2 |     3 |     1 ||     6
Invok: Depart the Abyss  |     1 |       |       ||     1
 Abil: Spit Acid         |       |       |    29 ||    29
  Use: Scroll            |       |     3 |    13 ||    16
       Potion            |       |       |    19 ||    19
 Stab: Distracted        |       |       |     1 ||     1
  Eat: Chunk             |     2 |     7 |    12 ||    21
       Bread ration      |       |       |     2 ||     2
       Pizza             |       |       |     1 ||     1
       Beef jerky        |       |       |     1 ||     1
Armor: Skin              |    38 |    27 |   132 ||   197
Dodge: Dodged            |    83 |    44 |   285 ||   412
